 Dungeon Crawl Stone Soup version 0.30.0-5-g1a98f26d00 (webtiles) character file.

Game seed: 5151448605352342861

695 retardedninja the Cleaver (level 7, -3/61 HPs)
             Began as a Hill Orc Fighter on May 8, 2023.
             Was a Follower of Beogh.
             Slain by Duvessa
             ... wielding a +2 short sword of speed
              (5 damage)
             ... on level 5 of the Dungeon.
             The game lasted 00:05:49 (5071 turns).

retardedninja the Cleaver (Hill Orc Fighter)        Turns: 5071, Time: 00:05:50

Health: -3/61      AC:  9    Str: 21    XL:     7   Next: 64%
Magic:  7/7        EV:  8    Int:  8    God:    Beogh [*.....]
Gold:   507        SH:  4    Dex: 10    Spells: 6/6 levels left

rFire   . . .        a - +0 war axe
rCold   . . .        c - +0 buckler
rNeg    . . .        g - +0 chain mail
rPois   .            (no helmet)
rElec   .            (no cloak)
rCorr   .            (no gloves)
SInv    .            (no boots)
Will    .....        (no amulet) Stlth
                     (no ring)
HPRegen 0.30/turn    (no ring)
MPRegen 0.10/turn

%: no passive effects
@: on berserk cooldown, hasted, very quick
A: no striking features
a: Renounce Religion


You were on level 5 of the Dungeon.
You worshipped Beogh.
Beogh was aware of your devotion.
You visited 2 branches of the dungeon, and saw 6 of its levels.

You collected 507 gold pieces.

Inventory:

Hand Weapons
 a - a +0 war axe (weapon)
Armour
 c - a +0 buckler (worn)
 g - a +0 chain mail (worn)
 n - a +0 pair of gloves
 w - a +2 pair of gloves
Jewellery
 d - a ring of poison resistance
 t - an amulet of faith
 x - a ring of protection from fire
Wands
 u - a wand of paralysis (2)
Scrolls
 b - a scroll of brand weapon {unknown}
 e - 3 scrolls of enchant armour
 f - a scroll of immolation {unknown}
 h - a scroll of fog
 k - a scroll of noise {unknown}
 o - a scroll of acquirement {unknown}
 p - 4 scrolls of identify
 y - a scroll of torment {unknown}
Potions
 j - a potion of attraction {unknown}
 m - a potion of degeneration {unknown}
 r - a potion of berserk rage
 v - a potion of mutation {unknown}


   Skills:
 + Level 5.3 Fighting
 * Level 8.7 Axes
 + Level 4.6 Armour
 + Level 0.9 Dodging
 + Level 3.8 Shields


You had 6 spell levels left.
You didn't know any spells.
Your spell library contained the following spells:

 Spells                   Type           Power      Damage    Failure   Level
 Frozen Ramparts          Ice            0%         1d1       100%        3
 Gell's Gravitas          Tloc           0%         N/A       100%        3
 Hailstorm                Conj/Ice       0%         3d3       100%        3
 Ozocubu's Armour         Ice            0%         N/A       100%        3
 Teleport Other           Tloc           0%         N/A       100%        3
 Ice Form                 Ice/Tmut       0%         N/A       100%        4
 Dispersal                Tloc           0%         N/A       100%        6
 Simulacrum               Ice/Necr       0%         N/A       100%        6
 Summon Cactus Giant      Summ           0%         N/A       100%        6
 Ozocubu's Refrigeration  Ice            0%         4d7       100%        7
 Dragon's Call            Summ           0%         N/A       100%        9


Dungeon Overview and Level Annotations

Branches:
Dungeon (5/15)             Temple (1/1) D:4

Altars:
Ashenzari
Cheibriados
Dithmenos
Elyvilon
Fedhas
Gozag
Hepliaklqana
Kikubaaqudgha
Nemelex Xobeh
Okawaru
Ru
Sif Muna
Trog
Uskayaw
Vehumet
Wu Jian
Yredelemnul
Zin
The Shining One

Shops:
D:4 ?

Annotations:
D:5 Dowan, Duvessa


Message History

You are no longer glowing.
You start resting.
Duvessa is nearby!
Duvessa is nearby!
Duvessa is nearby!
Duvessa is nearby!
Duvessa says, "My weaknesses are his strengths!"
You see here a +0 chain mail.
Aiming: Mindburst
Press: ? - help, Q - select action, (/) - cycle Shift-Dir - straight line, f/p - Duvessa
Aim: Duvessa, wielding a +2 short sword of speed and wearing a +0 scale mail (heavily wounded, chance to affect: 47%) Duvessa resists with some effort.
The now-empty wand crumbles to dust.
Duvessa hits you with a +2 short sword of speed.
* * * LOW HITPOINT WARNING * * *
Duvessa barely misses you.
Aiming: Paralyse
Press: ? - help, Q - select action Shift-Dir - straight line, f/p - Duvessa
Aim: Duvessa, wielding a +2 short sword of speed and wearing a +0 scale mail (heavily wounded, chance to affect: 31%) Duvessa easily resists.
Duvessa barely misses you. x2
You closely miss Duvessa.
Duvessa is heavily wounded.
You feel yourself speed up.
Duvessa says, "When magic and the sword combine, nothing stands against them."
Duvessa hits you but does no damage.
Duvessa hits you with a +2 short sword of speed.
* * * LOW HITPOINT WARNING * * *
You hit Duvessa but do no damage.
Duvessa is heavily wounded.
Duvessa says, "When magic and the sword combine, nothing stands against them."
Duvessa hits you with a +2 short sword of speed!
* * * LOW HITPOINT WARNING * * *
Duvessa hits you but does no damage.
Unknown command.
It was a potion of haste.
You feel yourself speed up. You block Duvessa's attack.
You barely miss Duvessa.
Duvessa is heavily wounded.
Duvessa hits you with a +2 short sword of speed.
You die...

#...##....#.######..........#
##...........### #..........#
.#.))..........####..........#
.....)...........##..........#
....).....#.##.#.....####...##
........#...##.####.........#
........###..#.# #..###....###
...(...## ##...####..# #......#
..#...#### #...e@....###......#
#........# #..##.#....##......##
.........# ##.##...............#
########.## #.....##.###.......##
######..######..##.# #.........
#..................####........
###......#######.................
.........# #...(..............
###......######......)...........


You could see Duvessa.

Vanquished Creatures
  An ogre (D:4)
  2 phantoms (D:5)
  A gnoll sergeant (D:5)
  A scorpion (D:4)
  A hound (D:4)
  Jessica (D:2)
  An iguana (D:5)
  2 sleepcaps
  An orc wizard (D:5)
  4 gnolls (D:5)
  4 adders
  A worm (D:2)
  6 dart slugs
  9 orcs
  4 ball pythons
  9 endoplasms
  4 giant cockroaches
  8 goblins
  4 hobgoblins
  4 jackals
  4 quokkas
  4 bats
  3 frilled lizards
  9 kobolds
  10 rats
98 creatures vanquished.

Vanquished Creatures (others)
  3 orcs (D:3)
  A kobold (D:3)
4 creatures vanquished.

Grand Total: 102 creatures vanquished

Notes
Turn   | Place    | Note
-------+----------+-------------------------------------------
     0 | D:1      | retardedninja the Hill Orc Fighter began the quest for the
                  | Orb.
     0 | D:1      | Reached XP level 1. HP: 19/19 MP: 1/1
    91 | D:1      | Reached XP level 2. HP: 21/27 MP: 2/2
   176 | D:1      | Found a faded altar of an unknown god.
   193 | D:1      | Reached skill level 3 in Axes
   455 | D:1      | Got Sif Muna's Handbook of Snowy Beckoning
   498 | D:1      | Reached XP level 3. HP: 33/33 MP: 3/3
  1017 | D:2      | Noticed Jessica
  1021 | D:2      | Killed Jessica
  1022 | D:2      | Reached skill level 4 in Axes
  1022 | D:2      | Reached XP level 4. HP: 38/40 MP: 4/4
  1385 | D:2      | Reached skill level 5 in Axes
  2209 | D:3      | Found a glowing silver altar of Zin.
  2224 | D:3      | Became a worshipper of Beogh the Brigand
  2540 | D:3      | Found an ornate altar of the Wu Jian Council.
  2573 | D:3      | Reached XP level 5. HP: 38/46 MP: 5/5
  2759 | D:3      | Reached skill level 6 in Axes
  2956 | D:3      | Found a sparkling altar of Nemelex Xobeh.
  2956 | D:3      | Found a faded altar of an unknown god.
  2969 | D:3      | Found a white marble altar of Elyvilon.
  2971 | D:3      | Found a basalt altar of Yredelemnul.
  2972 | D:3      | Found a snail-covered altar of Cheibriados.
  3283 | D:4      | Noticed an ogre
  3293 | D:4      | Killed an ogre
  3294 | D:4      | Reached skill level 5 in Fighting
  3294 | D:4      | Reached XP level 6. HP: 56/56 MP: 6/6
  3336 | D:4      | Found a staircase to the Ecumenical Temple.
  3576 | D:4      | Found Wuryruku's Magic Scroll Boutique.
  3740 | D:4      | Reached skill level 7 in Axes
  3948 | Temple   | Entered the Ecumenical Temple
  4137 | D:5      | Entered Level 5 of the Dungeon
  4235 | D:5      | Reached XP level 7. HP: 58/61 MP: 7/7
  4313 | D:5      | Reached skill level 8 in Axes
  4771 | D:5      | Reached * piety under Beogh
  5023 | D:5      | Noticed Duvessa
  5023 | D:5      | Noticed Dowan
  5039 | D:5      | HP: 3/61 [Duvessa/+2 short sword of speed (4)]
  5069 | D:5      | HP: 1/61 [Duvessa/+2 short sword of speed (11)]
  5071 | D:5      | Slain by Duvessa

Illustrated notes

Levels and vault maps discovered:
D:1:      dpeg_arrival_long_road, layout_rooms,
          chequers_ecumenical_altar_simple_redux, serial_co_window_serial,
          co_window_corner_a, co_window_corner_a, co_window_paths_a,
          co_window_paths_a, co_window_paths_b, co_window_of_opportunity_a,
          co_window_cross_1, co_window_2corner, co_window_2corner,
          co_window_of_opportunity_c, co_window_sun, glass_columns_c,
          glass_columns_b, glass_columns_a, glass_columns_c, glass_columns_a
D:2:      layout_basic, palyth_stone_intersect, uniq_jessica
D:3:      layout_rooms, nicolae_overflow_crystal_walls, zin_academy,
          chequers_temple_overflow_minitemple, amcnicky_mini_pool_small,
          minmay_starry_boxes
D:4:      nicolae_cairo_tiling_large, layout_basic, minmay_temple_entry_grid,
          serial_shops, nicolae_shop_rolled_up, chequers_serial_rivers_room_b
D:5:      dreamdust_elfheim, layout_rooms, minmay_gold_behind_fungi,
          hangedman_abyss_or_decor_stagger
Temple:   nicolae_temple_bog_church

Skill      XL: |  1  2  3  4  5  6  7 |
---------------+----------------------+-----
Axes           | 3 4 5 6 7 8 |  8.7
Fighting       | 4 5 |  5.3
Armour         | 4 |  4.6
Dodging        | |  0.9
Shields        | |  3.8

Action                     |  1- 3 |  4- 6 |  7- 9 || total
---------------------------+-------+-------+-------++-------
  Melee: War axe           |    74 |   168 |    55 ||   297
 Invoke: Convert to Beogh  |       |     1 |       ||     1
  Evoke: Wand              |       |       |     4 ||     4
    Use: Scroll            |     5 |       |     1 ||     6
         Potion            |       |     4 |     6 ||    10
 Armour: Scale mail        |    10 |       |       ||    10
         Chain mail        |    52 |    77 |    48 ||   177
  Dodge: Dodged            |    28 |    59 |    32 ||   119
  Block: Buckler           |    15 |    27 |    18 ||    60
